 Dungeon Crawl Stone Soup version 0.24.0-41-g2ae2f7f1be (webtiles) character file.

Game seed: 594830158062055462, levelgen mode: deterministic

223207 Bombadil the Imperceptible (level 18, 0/65 HPs)
             Began as a Spriggan Enchanter on Dec 9, 2019.
             Was a High Priest of Lugonu.
             Drowned by a water elemental (12 damage)
             ... on level 2 of the Shoals on Dec 10, 2019.
             The game lasted 02:57:52 (47564 turns).

Bombadil the Imperceptible (Spriggan Enchanter)    Turns: 47564, Time: 02:57:53

Health: 0/65       AC:  6    Str: 11    XL:     18   Next: 55%
Magic:  45/50      EV: 40    Int: 19    God:    Lugonu [*****.]
Gold:   1046       SH:  0    Dex: 29    Spells: 4/49 levels left

rFire    . . .     SeeInvis +   I - +2 short sword "Jaibripo" {freeze, rElec}
rCold    . . .     Gourm    .   (shield restricted)
rNeg     . . .     Faith    +   U - +1 robe of Qefur {rCorr Int-3 Dex+5}
rPois    +         Spirit   .   Z - +2 hat {Int+3}
rElec    +         Reflect  .   (no cloak)
rCorr    +         Harm     .   (gloves unavailable)
MR       +++..     Rnd*Rage +   (boots unavailable) Stlth ++++++++++Rnd*Tele +
                                c - amulet of faith
HPRegen  0.20/turn              b - ring of Kit Alock {*Tele Str+7 Stlth+}
MPRegen  0.32/turn              w - ring of stealth

@: darkness, engulfed (cannot breathe), very quick
A: very small, unfitting armour, thin metallic scales 1, see invisible, agile 1,
berserk 1, deformed body, herbivore, speed 3, frail 2, high mp 3, poison
resistance, slow metabolism 2
}: 1/15 runes: gossamer
a: Depart the Abyss, Bend Space, Banish, Corrupt, Enter the Abyss, Renounce
Religion


You were on level 2 of the Shoals.
You worshipped Lugonu.
Lugonu was extremely pleased with you.
You were near starving.

You visited 8 branches of the dungeon, and saw 35 of its levels.
You visited the Abyss 1 time.

You collected 2673 gold pieces.
You spent 1627 gold pieces at shops.

Inventory:

Hand Weapons
 I - the +2 short sword "Jaibripo" (weapon) {freeze, rElec}
   (You bought it in a shop on level 8 of the Dungeon)

   It has been specially enchanted to freeze those struck by it, causing extra
   injury to most foes and up to half again as much damage against particularly
   susceptible opponents.
   It can also slow down cold-blooded creatures.
   It insulates you from electricity.
Missiles
 P - 8 curare-tipped darts (quivered)
Armour
 U - the +1 robe of Qefur (worn) {rCorr Int-3 Dex+5}
   (You bought it in a shop on level 2 of the Shoals)

   It affects your intelligence (-3).
   It affects your dexterity (+5).
   It provides partial protection from all sources of acid and corrosion.
 Y - a +1 robe of magic resistance
 Z - a +2 hat of intelligence (worn)
Jewellery
 b - the ring of Kit Alock (left hand) {*Tele Str+7 Stlth+}
   (You found it on level 2 of the Lair of Beasts)

   [ring of teleportation]

   It may teleport you next to monsters.
   It affects your strength (+7).
   It makes you more stealthy.
 c - an amulet of faith (around neck)
 p - a +4 amulet of reflection
 t - the ring "Koofreon" {rF- rC+ rN+ Int+6}
   (Xom gifted it to you on level 3 of the Dungeon)

   [ring of protection from cold]

   It affects your intelligence (+6).
   It makes you vulnerable to fire.
   It protects you from cold.
   It protects you from negative energy.
 w - a ring of stealth (right hand)
 F - an uncursed ring of poison resistance
 H - an uncursed ring of protection from fire
 J - a cursed -2 ring of strength {unknown}
 L - an uncursed ring of wizardry
Wands
 a - a wand of scattershot (7)
 v - a wand of paralysis (25)
 x - a wand of digging (15)
 C - a wand of flame (42)
 K - a wand of acid (35)
 N - a wand of random effects (40)
 W - a wand of enslavement (16)
Scrolls
 f - 13 scrolls of remove curse
 g - 8 scrolls of enchant armour
 k - 2 scrolls of blinking
 n - 4 scrolls of teleportation
 o - a scroll of enchant weapon
 u - 10 scrolls of amnesia
 B - 5 scrolls of magic mapping
 D - 3 scrolls of fear
 M - 5 scrolls of fog
 Q - a scroll of vulnerability
 R - 4 scrolls of summoning
 S - a scroll of holy word
 T - a scroll of brand weapon
 V - 2 scrolls of torment
Potions
 e - 7 potions of curing
 h - 9 potions of heal wounds
 i - a potion of resistance
 j - 2 potions of invisibility
 l - 2 potions of cancellation
 m - 5 potions of flight
 q - 2 potions of might
 r - 3 potions of magic
 s - a potion of lignification
 z - 7 potions of haste
 A - 3 potions of agility
 E - 5 potions of brilliance
 G - 3 potions of ambrosia
 O - 6 potions of berserk rage
 X - 3 potions of mutation
Miscellaneous
 y - a fan of gales
Comestibles
 d - 15 rations


   Skills:
 + Level 4.3 Fighting
 + Level 10.4 Short Blades
 + Level 0.3 Throwing
 + Level 2.2 Armour
 + Level 19.7 Dodging
 + Level 22.5 Stealth
 + Level 0.2 Unarmed Combat
 + Level 16.2 Spellcasting
 + Level 15.6 Hexes
 * Level 16.6 Translocations
 + Level 7.8 Ice Magic
 * Level 4.6 Invocations
 + Level 1.1 Evocations


You had 4 spell levels left.
You knew the following spells:

 Your Spells              Type           Power        Failure   Level  Hunger
a - Corona                Hex            ######.      0%          1    None
b - Ensorcelled Hibernat  Hex/Ice        ######       1%          2    None
c - Confuse               Hex            ######..     1%          3    None
d - Tukima's Dance        Hex            ######..     1%          3    None
e - Blink                 Tloc           N/A          0%          2    None
f - Dispersal             Tloc           ######....   1%          6    #####..
g - Darkness              Hex            ######....   1%          6    #####..
h - Invisibility          Hex            ######..     1%          6    #####..
i - Controlled Blink      Tloc           N/A          28%         8    #######
j - Disjunction           Tloc           ######....   28%         8    #######

Your spell library contained the following spells:

 Spells                   Type           Power        Failure   Level  Hunger
 Slow                     Hex            ######..     0%          2    None
 Gell's Gravitas          Tloc           ######....   0%          3    None
 Portal Projectile        Hex/Tloc       ######       0%          3    None
 Freeze                   Ice            ####         1%          1    None
 Throw Frost              Conj/Ice       ####..       1%          2    None
 Dazzling Spray           Conj/Hex       #####.       1%          3    None
 Recall                   Summ/Tloc      N/A          1%          3    None
 Cause Fear               Hex            ######....   1%          4    None
 Force Lance              Conj/Tloc      #####...     1%          4    None
 Leda's Liquefaction      Hex/Erth       #####.....   1%          4    None
 Passage of Golubria      Tloc           N/A          1%          4    None
 Ozocubu's Armour         Chrm/Ice       ####....     2%          3    None
 Flame Tongue             Conj/Fire      ###..        4%          1    None
 Magic Dart               Conj           ###.         4%          1    None
 Sandblast                Erth           ###...       4%          1    None
 Shock                    Conj/Air       ###.         4%          1    None
 Call Imp                 Summ           ###.....     6%          2    None
 Passwall                 Tmut/Erth      ###.....     6%          2    None
 Poisonous Vapours        Pois/Air       ###...       6%          2    None
 Swiftness                Chrm/Air       ###.....     6%          2    None
 Summon Ice Beast         Ice/Summ       ####....     8%          4    None
 Throw Icicle             Conj/Ice       ####....     8%          4    None
 Conjure Flame            Conj/Fire      ###.....     12%         3    None
 Mephitic Cloud           Conj/Pois/Air  ###.....     12%         3    None
 Static Discharge         Conj/Air       ###.....     12%         3    None
 Stone Arrow              Conj/Erth      ###...       12%         3    None
 Airstrike                Air            ###.......   36%         4    None
 Animate Dead             Necr           N/A          36%         4    None
 Petrify                  Tmut/Erth      ###.....     36%         4    None
 Bolt of Magma            Conj/Fire/Erth ###.......   73%         5    ###....
 Borgnjor's Vile Clutch   Necr/Erth      ###.......   73%         5    ###....
 Lee's Rapid Deconstruct  Erth           ###.......   73%         5    ###....
 Lightning Bolt           Conj/Air       ###.......   73%         5    ###....
 Simulacrum               Ice/Necr       ####......   77%         6    #####..
 Freezing Cloud           Conj/Ice/Air   ####......   91%         6    #####..
 Bolt of Fire             Conj/Fire      ###.......   99%         6    #####..
 Death Channel            Necr           ###.......   99%         6    #####..
 Iron Shot                Conj/Erth      ###.......   99%         6    #####..
 Statue Form              Tmut/Erth      ###......    99%         6    #####..
 Dragon Form              Tmut           ###.......   100%        7    ######.
 Ring of Flames           Chrm/Fire      ###.......   100%        7    ######.
 Dragon's Call            Summ           ###.......   100%        9    #######
 Shatter                  Erth           ###.......   100%        9    #######


Dungeon Overview and Level Annotations

Branches:
Dungeon (15/15)            Temple (1/1) D:6            Lair (6/6) D:9
 Shoals (4/4) Lair:2       Spider (4/4) Lair:3        Slime (0/5) Lair:5
    Orc (2/2) D:9             Elf (1/3) Orc:2        Vaults (0/5) D:13
 Depths (visited)

Altars:
Ashenzari
Cheibriados
Dithmenos
Elyvilon
Fedhas
Gozag
Hepliaklqana
Kikubaaqudgha
Makhleb
Nemelex Xobeh
Okawaru
Qazlal
Ru
Sif Muna
Trog
Uskayaw
Vehumet
Wu Jian
Xom
Yredelemnul
Zin
The Shining One
Beogh

Shops:
D:4 :   D:8 (   D:9 %   Orc:2 **?:   Shoals:2 *?*   Shoals:3 :

Portals:
Hell: Depths:2
Abyss: Depths:2
Pandemonium: Depths:2

Annotations:
D:10 exclusions: ice statue and orange crystal statue
Lair:2 exclusion: oklob plant
Shoals:1 2 runed translucent doors, Bityczex's ghost, adept DEFE
Shoals:2 Roxanne
Shoals:3 Aizul; Ilsuiw; Nikola
Spider:3 corrupted
Spider:4 , corrupted, Zosacw's ghost, adept HaHu
Orc:1 2 runed translucent doors, exclusion: orange crystal statue


Innate Abilities, Weirdness & Mutations

You are very small and have problems with some larger weapons.
You are too small for most types of armour.
You have supernaturally acute eyesight. (SInv)
You are a herbivore.
You cover ground extremely quickly.
You need to consume almost no food.
You are partially covered in thin metallic scales. (AC +2)
You are agile. (Dex +2)
You tend to lose your temper in combat.
Armour fits poorly on your strangely shaped body.
You are very frail. (-20% HP)
You have a greatly increased reservoir of magic. (+30% MP)
Your system is resistant to poisons. (rPois)


Message History

The faun shoots a sling bullet.
The sling bullet hits you!!
You hit the water elemental. You freeze the water elemental.
The water elemental is heavily damaged.
Your lungs strain for air!
The water elemental completely misses you.
You puncture the water elemental! You freeze the water elemental.
The water elemental is severely damaged.
* * * LOW HITPOINT WARNING * * *
Your lungs strain for air!
Unknown command.
* * * LOW HITPOINT WARNING * * *
Your lungs strain for air!
The water elemental completely misses you.
The faun shoots a sling bullet.
The sling bullet completely misses you.
The sling bullet hits the water elemental.
You hear a splash.
You climb upwards.
Level annotation: Roxanne You die...
Xom thinks this is hilarious!

≈≈≈[≈≈≈≈≈^...P...............>...
≈≈≈...≈≈≈...............#........
≈≈..#..≈≈........................
≈≈.###.≈≈..≈.........##.......<..
≈..###.≈≈.≈≈≈.........).......)..
≈...#.≈≈≈≈≈≈≈....≈.##............
≈≈≈.<≈≈≈≈≈≈≈.........|...≈.......
≈≈≈≈≈≈≈≈≈..≈≈.#...).##......≈≈...
≈≈≈≈≈≈≈≈≈......E@..####....≈≈≈...
≈≈≈≈≈≈≈≈≈≈≈≈≈≈.....#####...≈≈≈...
≈≈≈≈≈≈≈≈≈≈≈≈≈≈≈≈≈.......>.≈≈≈≈..[
≈≈≈≈≈≈≈≈≈≈≈≈≈≈≈≈≈.........≈≈≈≈...
≈≈≈≈≈≈≈≈≈≈≈≈≈≈≈≈≈.........≈≈≈≈...
≈≈≈≈≈≈≈≈≈≈≈≈≈≈≈≈≈≈......≈...≈≈...
≈≈≈.≈≈≈≈≈...≈≈≈≈≈≈).≈≈≈≈.........
.......≈≈.=.≈≈...≈........#......
.###..≈≈≈≈≈.≈...≈≈##[......##....


You could see a water elemental.

Vanquished Creatures
  Rupert (D:14)
  A sphinx (Orc:2)
  A kraken (Shoals:4)
  Kirke (Lair:4)
  A storm dragon (D:15)
  Agnes (D:14)
  A frost giant (Depths:1)
  An orc warlord (Orc:2)
  3 emperor scorpions
  Louise (Shoals:3)
  A ghost moth (Spider:4)
  2 entropy weavers
  An ironheart preserver (D:13)
  A stone giant (Depths:1)
  3 dire elephants
  3 spark wasps (D:15)
  A merfolk javelineer (Shoals:3)
  2 fire dragons
  3 merfolk impalers
  8 hydras
  4 great orbs of eyes
  An ice dragon (Depths:1)
  A merfolk avatar (Shoals:1)
  An anaconda (Lair:6)
  A satyr (Shoals:3)
  4 centaur warriors
  A dancing weapon (Elf:1)
  A merfolk aquamancer (Shoals:3)
  An ogre mage (Depths:1)
  8 two-headed ogres
  A deep troll shaman (D:15)
  A death yak (Lair:5)
  3 tengu warriors
  4 orc high priests (Orc:2)
  2 thrashing horrors (Abyss:1)
  A hell hog (Abyss:1)
  Sonja (D:11)
  2 deep elf knights (Elf:1)
  A hell knight (Depths:2)
  2 iron trolls (D:15)
  4 unseen horrors
  3 deep trolls
  3 sea snakes
  12 harpies
  2 wizards (D:15)
  13 ugly things
  3 orc knights (Orc:2)
  15 orb spiders
  5 orc sorcerers (Orc:2)
  7 deep elf magi
  20 wolf spiders
  3 moths of wrath
  11 fauns
  A cyclops (D:11)
  19 elephants
  A moth of wrath (shapeshifter) (Elf:1)
  7 manticores
  2 centaur zombies
  2 water nymphs
  5 black mambas
  Joseph (D:8)
  9 merfolk sirens
  Psyche (D:9)
  An apocalypse crab (Abyss:1)
  2 smoke demons (Abyss:1)
  A torpor snail (Spider:2)
  17 spiny frogs
  A kobold demonologist (D:12)
  A spiny frog (shapeshifter) (Lair:5)
  5 rime drakes
  8 demonic crawlers
  6 komodo dragons
  An efreet (D:13)
  2 hellwings (Abyss:1)
  A tengu conjurer (D:15)
  13 merfolk
  8 trolls
  43 jumping spiders
  3 large abominations (Abyss:1)
  2 polar bears
  A queen bee (Lair:5)
  7 wind drakes
  3 meliai (Lair:5)
  A slime creature (shapeshifter) (Depths:1)
  3 hornets
  A raiju (Abyss:1)
  10 hippogriffs
  10 slime creatures
  23 dream sheep
  An alligator zombie (Abyss:1)
  14 blink frogs
  5 snapping turtles
  2 shadows
  A ynoxinul (Abyss:1)
  66 redbacks
  2 wraiths
  8 water elementals
  5 wyverns
  23 tarantellas
  A fire elemental (Elf:1)
  4 basilisks
  2 hungry ghosts
  A yak (shapeshifter) (Elf:1)
  31 yaks
  A human (shapeshifter) (D:15)
  2 neqoxecs (Abyss:1)
  A redback simulacrum (D:15)
  A chaos spawn (Abyss:1)
  5 vampire mosquitoes
  2 acid dragons
  7 wargs
  5 small abominations (Abyss:1)
  A soldier ant (D:14)
  Duvessa (D:7)
  10 water moccasins
  6 porcupines
  32 orc warriors
  An eye of draining (shapeshifter) (D:15)
  4 ice beasts
  3 sky beasts
  4 black bears
  3 phantoms
  18 ogres
  6 wolves
  An eye of draining (D:9)
  18 centaurs
  13 crocodiles
  3 big kobolds
  11 bullfrogs
  Dowan (D:7)
  A wyvern skeleton (D:15)
  37 killer bees
  A scorpion (D:7)
  8 wights
  2 electric eels (Lair:6)
  6 howler monkeys
  4 crimson imps
  4 bullfrog zombies
  10 hounds
  A quasit (D:11)
  4 centaur skeletons
  16 jellies
  30 orc priests
  A bullfrog skeleton (D:12)
  2 gnoll shamans
  An iron imp (Abyss:1)
  15 orc wizards
  8 worker ants
  2 hound skeletons
  19 gnolls
  13 adders
  6 shadow imps
  An ufetubus (Abyss:1)
  An ooze (Lair:5)
  An adder skeleton (D:3)
  An adder zombie (D:9)
  A worm (D:2)
  2 dart slugs
  4 leopard geckos
  81 orcs
  A ball python (D:3)
  5 bats
  8 goblins
  6 hobgoblins
  16 jackals
  9 quokkas
  A ball python zombie (D:6)
  5 frilled lizards
  A jackal skeleton (D:5)
  20 kobolds
  3 quokka zombies
  4 rats
  4 plants (Lair:6)
1093 creatures vanquished.

Vanquished Creatures (collateral kills)
  An ettin (Depths:1)
  A merfolk impaler (Shoals:3)
  A centaur warrior (D:8)
  Erica (Lair:1)
  2 two-headed ogres
  An elephant (Lair:6)
  A merfolk (Shoals:3)
  A hippogriff (Lair:6)
  6 dream sheep (Lair:6)
  4 orc warriors (Orc:2)
  An ice beast (D:14)
  A phantom (D:10)
  3 ogres (Depths:1)
  5 wights
  An orc priest (Orc:2)
  A centaur skeleton (D:12)
  2 orc wizards (Orc:2)
  A shadow imp (D:8)
  9 orcs
  A quokka (D:8)
  A kobold (D:12)
45 creatures vanquished.

Vanquished Creatures (others)
  Arachne (Spider:3)
  An eldritch tentacle (Lair:5)
  3 ghost moths (Spider:4)
  5 emperor scorpions (Spider:4)
  An ettin (Depths:1)
  8 orb spiders
  8 wolf spiders
  8 jumping spiders
  2 hornets (Spider:3)
  6 dancing weapons
  A hippogriff (Lair:4)
  10 redbacks
  9 tarantellas
  A yak (D:12)
  An orc wizard (D:13)
  An orc (Orc:1)
  A bush (Lair:5)
  9 fungi
  28 plants
  31 starspawn tentacles
135 creatures vanquished.

Grand Total: 1273 creatures vanquished

Notes
Turn   | Place    | Note
-------+----------+-------------------------------------------
     0 | D:1      | Bombadil the Spriggan Enchanter began the quest for the
                  | Orb.
     0 | D:1      | Reached XP level 1. HP: 9/9 MP: 5/5
   462 | D:1      | Reached XP level 2. HP: 13/13 MP: 7/7
   466 | D:1      | Learned a level 2 spell: Ensorcelled Hibernation
  1596 | D:2      | Reached XP level 3. HP: 16/16 MP: 8/8
  2043 | D:3      | Reached XP level 4. HP: 17/21 MP: 1/10
  2442 | D:2      | Reached skill level 5 in Stealth
  2626 | D:2      | Found a shimmering altar of Xom.
  2630 | D:2      | Found a shimmering altar of Xom.
  2631 | D:2      | Found a shimmering altar of Xom.
  2841 | D:2      | Became a worshipper of Xom of Chaos
  3011 | D:3      | XOM: divination: detect items
  3138 | D:3      | XOM: silly message
  3161 | D:3      | Reached skill level 1 in Ice Magic
  3261 | D:3      | XOM: harmless Tloc miscast
  3524 | D:3      | XOM: smoke on damage
  3525 | D:3      | XOM: give mutations
  3525 | D:3      | Gained mutation: You expend magic power (3 MP) to
                  | strengthen your wands. [Xom's grace]
  3525 | D:3      | Gained mutation: You have an increased reservoir of magic.
                  | (+10% MP) [Xom's grace]
  3525 | D:3      | Gained mutation: Your flesh is cold resistant. (rC+) [Xom's
                  | grace]
  3544 | D:3      | Reached XP level 5. HP: 18/25 MP: 12/12
  3643 | D:3      | XOM: cloud trail
  3999 | D:4      | XOM: scenery: create altars
  4185 | D:4      | Found Cuwil's Book Shoppe.
  4238 | D:4      | Reached skill level 6 in Stealth
  4306 | D:4      | XOM is BORED!
  4306 | D:4      | XOM: severe Tloc miscast
  4337 | D:4      | Noticed a phantom
  4338 | D:4      | XOM: cast spell 'Leda's Liquefaction'
  4339 | D:4      | XOM: confuse monster(s)
  4339 | D:4      | Gained mutation: You occasionally shout uncontrollably at
                  | your foes. [mutagenic glow]
  4371 | D:3      | Gained mutation: You are dopey. (Int -2) [mutagenic glow]
  4376 | D:3      | XOM: scenery: create altars
  4398 | D:3      | XOM: give mutations
  4398 | D:3      | Gained mutation: You are resistant to electric shocks.
                  | (rElec) [Xom's grace]
  4398 | D:3      | Gained mutation: You have a considerably increased
                  | reservoir of magic. (+20% MP) [Xom's grace]
  4616 | D:3      | Learned a level 3 spell: Confuse
  4626 | D:3      | Learned a level 3 spell: Tukima's Dance
  4634 | D:3      | XOM: stat loss: -1 Str (3/4)
  4635 | D:3      | XOM: god gift: scorched steel ring {god gift}
  4744 | D:3      | Got a scorched steel ring {god gift}
  4745 | D:3      | Identified the ring "Koofreon" {rF- rC+ rN+ Int+6} (Xom
                  | gifted it to you on level 3 of the Dungeon)
  4749 | D:4      | XOM: butterfly on damage
  4931 | D:5      | Entered Level 5 of the Dungeon
  4935 | D:5      | XOM: scenery: 1 doors open, 1 doors close
  4936 | D:5      | XOM: harmless Hex miscast
  4947 | D:5      | XOM: confuse monster(s)
  5105 | D:5      | Reached XP level 6. HP: 16/29 MP: 7/15
  5191 | D:5      | XOM: god gift: scroll labeled JIGUOD OPLOFF {god gift}
  5217 | D:5      | XOM: mild Ice miscast
  5263 | D:5      | Reached skill level 5 in Hexes
  5265 | D:5      | XOM: polymorph worker ant -> wolf
  5271 | D:5      | XOM: confuse monster(s)
  5561 | D:5      | XOM: scenery: 1 doors open, 1 doors close
  5611 | D:5      | XOM: 2-stop teleportation journey
  5745 | D:5      | XOM: divination: detect items
  5774 | D:5      | XOM: scenery: 1 doors close
  5815 | D:6      | Reached skill level 7 in Stealth
  5833 | D:6      | Found a staircase to the Ecumenical Temple.
  5833 | D:6      | XOM: 3-stop teleportation journey
  5872 | D:6      | XOM: scenery: create altars
  5968 | D:6      | Reached XP level 7. HP: 32/32 MP: 13/18
  6072 | D:6      | XOM: give mutations
  6072 | D:6      | Gained mutation: You are resistant to hostile enchantments.
                  | (MR+) [Xom's grace]
  6072 | D:6      | Gained mutation: You are partially covered in thin metallic
                  | scales. (AC +2) [Xom's grace]
  6072 | D:6      | Gained mutation: You possess an exceptional clarity of
                  | mind. [Xom's grace]
  6129 | D:6      | Reached skill level 1 in Fighting
  6129 | D:6      | Reached skill level 5 in Spellcasting
  6353 | D:6      | Reached skill level 8 in Stealth
  6700 | Temple   | Entered the Ecumenical Temple
  6960 | D:7      | Reached XP level 8. HP: 37/37 MP: 20/20
  7134 | D:7      | XOM: scenery: create altars
  7137 | D:7      | Reached skill level 9 in Stealth
  7315 | D:7      | Noticed Duvessa
  7315 | D:7      | Noticed Dowan
  7367 | D:7      | Killed Duvessa
  7370 | D:7      | Killed Dowan
  7623 | D:7      | Reached skill level 10 in Stealth
  7713 | D:7      | XOM: harmless Chrm miscast
  7716 | D:7      | XOM: silly message
  8002 | D:7      | XOM: give mutations
  8002 | D:7      | Lost mutation: You are resistant to hostile enchantments.
                  | (MR+) [Xom's mischief]
  8002 | D:7      | Gained mutation: You are very dopey. (Int -4) [Xom's
                  | mischief]
  8017 | D:7      | XOM: medium Summ miscast
  8042 | D:8      | Reached XP level 9. HP: 41/41 MP: 24/24
  8135 | D:8      | Reached skill level 5 in Short Blades
  8135 | D:8      | Reached skill level 5 in Dodging
  8264 | D:8      | Noticed Joseph
  8280 | D:8      | Killed Joseph
  8298 | D:8      | Noticed a centaur warrior
  8309 | D:8      | Reached skill level 11 in Stealth
  8313 | D:8      | Found Marucs's Antique Weapon Boutique.
  8313 | D:8      | XOM: summons 7 friendly demons
  8323 | D:8      | XOM: medium Chrm miscast
  8323 | D:8      | Killed a centaur warrior
  8328 | D:8      | Bought a steaming short sword for 232 gold pieces
  8328 | D:8      | Identified the cursed +2 short sword "Jaibripo" {freeze,
                  | rElec} (You bought it in a shop on level 8 of the Dungeon)
  8389 | D:8      | XOM: harmless Tloc miscast
  8505 | D:8      | XOM: medium Fire miscast
  8658 | D:8      | XOM: harmless Erth miscast
  8802 | D:8      | XOM: potion effect (might)
  9129 | D:9      | Found a staircase to the Lair.
  9154 | D:9      | Found Okku Apo's Food Emporium.
  9160 | D:9      | Noticed Psyche
  9170 | D:9      | XOM: noise
  9176 | D:8      | Reached skill level 12 in Stealth
  9212 | D:9      | Killed Psyche
  9212 | D:9      | Reached XP level 10. HP: 38/46 MP: 20/27
  9491 | D:9      | XOM: cast spell 'Summon Ice Beast'
  9496 | D:9      | XOM: cast spell 'Summon Butterflies'
  9621 | D:9      | XOM: potion effect (invisibility)
  9865 | D:9      | Reached skill level 13 in Stealth
  9868 | D:9      | Reached skill level 10 in Dodging
 10070 | D:9      | XOM: harmless Erth miscast
 10074 | D:9      | XOM: potion effect (invisibility)
 10333 | D:9      | Found a staircase to the Orcish Mines.
 10488 | D:9      | XOM: cloud trail
 10600 | D:10     | Entered Level 10 of the Dungeon
 10660 | D:10     | Reached XP level 11. HP: 49/50 MP: 20/30
 10752 | D:10     | XOM: harmless Pois miscast
 10815 | D:10     | XOM: silly message
 10855 | D:10     | XOM: potion effect (invisibility)
 10897 | D:10     | Noticed a six-headed hydra
 10992 | D:10     | Killed a six-headed hydra
 11019 | D:10     | Learned a level 2 spell: Blink
 11030 | D:10     | XOM: divination: detect creatures
 11154 | D:10     | XOM: harmless Chrm miscast
 11285 | D:10     | Noticed an unseen horror
 11290 | D:10     | Killed an unseen horror
 11290 | D:10     | Reached skill level 1 in Translocations
 11307 | D:10     | Reached skill level 14 in Stealth
 11491 | D:10     | XOM: potion effect (might)
 11750 | D:10     | Noticed an orange crystal statue
 11849 | D:10     | XOM: harmless Necr miscast
 11851 | D:10     | XOM: give mutations
 11851 | D:10     | Gained mutation: Your muscles are strong. (Str +2) [Xom's
                  | grace]
 11851 | D:10     | Gained mutation: You have a somewhat thin skeletal
                  | structure. (Dex +2, Stealth) [Xom's grace]
 11851 | D:10     | Gained mutation: Your system is resistant to poisons.
                  | (rPois) [Xom's grace]
 12052 | D:10     | XOM: god gift: scroll labeled JIETIAGIUMN {god gift}
 12196 | D:10     | XOM: god gift: scroll labeled RINIUPLA KIAMU {god gift}
 12256 | D:11     | XOM: confuse monster(s)
 12257 | D:11     | XOM: summons friendly iron imp
 12277 | D:11     | Noticed Sonja
 12282 | D:11     | Killed Sonja
 12282 | D:11     | Reached skill level 10 in Spellcasting
 12282 | D:11     | Reached skill level 5 in Ice Magic
 12436 | D:11     | Noticed a two-headed ogre
 12437 | D:11     | Killed a two-headed ogre
 12561 | D:11     | XOM: fog
 12638 | D:11     | XOM: give mutations
 12638 | D:11     | Gained mutation: You evolve. [Xom's grace]
 12638 | D:11     | Gained mutation: Your flesh is heat resistant. (rF+) [Xom's
                  | grace]
 12830 | D:11     | Gained mutation: You have a greatly increased reservoir of
                  | magic. (+30% MP) [evolution]
 12886 | D:11     | Noticed a two-headed ogre
 12889 | D:11     | Killed a two-headed ogre
 13187 | D:12     | Noticed a green ugly thing
 13192 | D:12     | Killed a green ugly thing
 13206 | D:12     | Reached skill level 10 in Hexes
 13208 | D:12     | XOM: scenery: 1 doors open
 13404 | D:12     | XOM: fake destruction
 13412 | D:12     | XOM: divine lightning
 13467 | D:12     | XOM: 5-stop teleportation journey
 13468 | D:12     | XOM: divination: detect items
 13514 | D:12     | Reached skill level 15 in Stealth
 13514 | D:12     | Reached XP level 12. HP: 50/54 MP: 29/35
 13517 | D:12     | XOM: polymorph kobold -> jackal
 13518 | D:12     | XOM: enchant monster (bad)
 13519 | D:12     | XOM: 1-stop teleportation journey
 13651 | D:12     | Reached skill level 5 in Translocations
 13753 | D:12     | XOM: fog
 13767 | D:12     | Got a ripped robe
 13778 | D:12     | Identified the +1 robe of Heamuor {rC+} (You found it on
                  | level 12 of the Dungeon)
 13972 | D:13     | XOM: give mutation
 13972 | D:13     | Gained mutation: Your muscles are very strong. (Str +4)
                  | [Xom's grace]
 14025 | D:13     | XOM: divination: magic mapping
 14042 | D:13     | Noticed a two-headed ogre
 14044 | D:13     | Killed a two-headed ogre
 14113 | D:13     | Noticed an eight-headed hydra
 14139 | D:13     | XOM: divination: detect items
 14328 | D:13     | XOM: silly message
 14370 | D:13     | Noticed a two-headed ogre
 14400 | D:13     | Killed a two-headed ogre
 14490 | D:13     | Noticed a two-headed ogre
 14492 | D:13     | Killed a two-headed ogre
 14574 | D:13     | XOM: confuse monster(s)
 14576 | D:13     | Noticed an ironheart preserver
 14582 | D:13     | XOM: destruction
 14589 | D:13     | XOM: destruction
 14594 | D:13     | XOM: smoke on damage
 14595 | D:13     | XOM: scenery: 2 doors close
 14779 | D:13     | XOM: harmless Conj miscast
 14867 | D:13     | XOM: divination: detect creatures
 14893 | D:13     | Noticed a seven-headed hydra
 14911 | D:13     | XOM: potion effect (might)
 14916 | D:13     | Killed a seven-headed hydra
 14985 | D:13     | XOM: harmless Hex miscast
 15061 | D:13     | XOM: swap monsters
 15063 | D:13     | XOM: cast spell 'Necromutation'
 15096 | D:13     | Reached skill level 15 in Dodging
 15111 | D:13     | XOM: divination: magic mapping
 15235 | D:13     | Found a gate to the Vaults.
 15266 | D:13     | XOM: divination: magic mapping
 15274 | D:13     | Killed an ironheart preserver
 15274 | D:13     | Reached skill level 16 in Stealth
 15291 | D:13     | Gained mutation: You have a pair of small horns on your
                  | head. [evolution]
 15337 | D:13     | Noticed a fire dragon
 15337 | D:13     | an eight-headed hydra changed into a fire dragon
 15337 | D:13     | XOM: polymorph eight-headed hydra -> fire dragon
 15351 | D:13     | Killed a fire dragon
 15559 | D:14     | Noticed a centaur warrior
 15571 | D:14     | Killed a centaur warrior
 15588 | D:14     | Noticed Rupert
 15691 | Orc:1    | Entered Level 1 of the Orcish Mines
 15691 | Orc:1    | Found the +10 large shield of Ignorance {rN+ Int-4}
 15747 | Orc:1    | Noticed a two-headed ogre
 15756 | Orc:1    | Killed a two-headed ogre
 15756 | Orc:1    | Reached XP level 13. HP: 59/59 MP: 34/38
 15799 | Orc:1    | Found a runed translucent door.
 15820 | Orc:1    | Found a runed translucent door.
 15975 | Orc:2    | Entered Level 2 of the Orcish Mines
 15983 | Orc:1    | XOM: divination: detect items
 15993 | Orc:1    | XOM: cast spell 'Statue Form'
 15997 | Orc:1    | XOM: medium Pois miscast
 16132 | Orc:2    | XOM: blink monster(s)
 16225 | Orc:2    | XOM: medium Pois miscast
 16299 | Orc:2    | XOM: draining
 16364 | Orc:2    | Noticed an orc warlord
 16395 | Orc:2    | XOM: 1-stop teleportation journey
 16584 | Orc:2    | XOM: cast spell 'Death Channel'
 16878 | Orc:2    | Killed an orc warlord
 16898 | Orc:2    | XOM: harmless Pois miscast
 16952 | Orc:2    | Found a roughly hewn altar of Beogh.
 17016 | Orc:2    | XOM: divination: detect creatures
 17038 | Orc:2    | Found Zadiez's Book Boutique.
 17056 | Orc:2    | Found Beesiq's Magic Scroll Shop.
 17060 | Orc:2    | Reached skill level 17 in Stealth
 17085 | Orc:2    | XOM: scenery: 2 doors close
 17310 | Orc:2    | XOM: harmless Erth miscast
 17355 | Orc:2    | XOM: cast spell 'Call Canine Familiar'
 17389 | Orc:2    | Found Zainoo's General Store.
 17570 | Orc:2    | XOM: summons 2 friendly demons
 17649 | Orc:2    | XOM: 3-stop teleportation journey
 17956 | Orc:2    | Found a staircase to the Elven Halls.
 18069 | Orc:2    | Noticed an orc warlord
 18088 | Orc:2    | XOM: enchant monster (bad)
 18306 | Orc:2    | XOM: harmless Air miscast
 18509 | Orc:2    | XOM: butterfly on damage
 18511 | Orc:2    | XOM: summons friendly shadow imp
 18569 | Orc:2    | XOM: mild Ice miscast
 18582 | Orc:2    | Noticed a sphinx
 18582 | Orc:2    | an orc warlord changed into a sphinx
 18582 | Orc:2    | XOM: polymorph orc warlord -> sphinx
 18585 | Orc:2    | Killed a sphinx
 18707 | Orc:2    | Found Tiuthul's Assorted Antiques.
 18835 | Orc:2    | Found a roughly hewn altar of Beogh.
 18854 | Orc:2    | XOM: noise
 18865 | Orc:2    | XOM: blink monster(s)
 19011 | Orc:2    | Reached skill level 10 in Translocations
 19431 | D:14     | Noticed Agnes
 19474 | D:13     | XOM: mild Tloc miscast
 19537 | D:13     | XOM: give mutations
 19537 | D:13     | Lost mutation: Your flesh is heat resistant. (rF+) [Xom's
                  | mischief]
 19537 | D:13     | Lost mutation: Your muscles are very strong. (Str +4)
                  | [Xom's mischief]
 19689 | D:14     | Killed Agnes
 19689 | D:14     | Reached skill level 1 in Evocations
 19790 | D:13     | XOM: summons 6 hostile demons
 19897 | D:14     | XOM: fog
 19916 | D:13     | Reached XP level 14. HP: 45/63 MP: 33/40
 19970 | D:13     | XOM: give mutation
 19970 | D:13     | Lost mutation: You possess an exceptional clarity of mind.
                  | [Xom's mischief]
 20032 | D:13     | XOM: give mutation
 20032 | D:13     | Lost mutation: Your flesh is cold resistant. (rC+) [Xom's
                  | mischief]
 20276 | D:14     | XOM: noise
 20423 | D:14     | XOM: silly message
 20543 | D:14     | XOM: mild Necr miscast
 20572 | D:15     | Entered Level 15 of the Dungeon
 20600 | D:15     | XOM: harmless Chrm miscast
 20794 | D:14     | XOM: enchant monster (bad)
 20815 | D:14     | XOM: cast spell 'Summon Butterflies'
 20919 | D:15     | XOM: cast spell 'Summon Butterflies'
 20921 | D:15     | XOM: cast spell 'Call Canine Familiar'
 20931 | D:15     | XOM: enchant monster (good)
 21086 | D:15     | Found a staircase to the Depths.
 21088 | D:15     | XOM: noise
 21104 | D:15     | XOM: swap monsters
 21109 | D:15     | Reached skill level 1 in Armour
 21112 | D:15     | XOM: mild Fire miscast
 21151 | D:14     | XOM: medium Fire miscast
 21319 | Lair:1   | Entered Level 1 of the Lair of Beasts
 21421 | Lair:1   | Reached skill level 18 in Stealth
 21448 | Lair:1   | Noticed Erica
 21452 | Lair:1   | XOM: god gift: 5 boomerangs
 21457 | Lair:1   | XOM: chaos cloud
 21463 | Lair:1   | Killed Erica
 21782 | Lair:1   | XOM: harmless Chrm miscast
 21916 | Lair:1   | XOM: mild Ice miscast
 21922 | Lair:1   | XOM: mild Fire miscast
 21936 | Lair:1   | XOM: mild Hex miscast
 22018 | D:8      | XOM: give mutation
 22018 | D:8      | Lost mutation: Your system is resistant to poisons. (rPois)
                  | [Xom's mischief]
 22085 | D:4      | Bought a book of the Warp for 900 gold pieces
 22092 | D:4      | Learned a level 6 spell: Dispersal
 22612 | Lair:1   | XOM: harmless Hex miscast
 22750 | Lair:1   | XOM: cloud trail
 22872 | Lair:2   | XOM: repel stairs
 23049 | Lair:2   | XOM: 5-stop teleportation journey
 23127 | Lair:2   | Got an ancient silver ring
 23140 | Lair:2   | Identified the ring of Kit Alock {*Tele Str+7 Stlth+} (You
                  | found it on level 2 of the Lair of Beasts)
 23181 | Lair:2   | Found a staircase to the Shoals.
 23640 | Lair:2   | XOM: noise
 23641 | Lair:2   | XOM: give mutations
 23641 | Lair:2   | Lost mutation: You evolve. [Xom's mischief]
 23641 | Lair:2   | Lost mutation: You have a somewhat thin skeletal structure.
                  | (Dex +2, Stealth) [Xom's mischief]
 23641 | Lair:2   | Gained mutation: Your body sometimes deteriorates upon
                  | taking damage. [Xom's mischief]
 23641 | Lair:2   | Lost mutation: You occasionally shout uncontrollably at
                  | your foes. [Xom's mischief]
 23742 | Lair:3   | You fall into a shaft and drop 2 floors!
 23961 | Lair:3   | Found a burning altar of Makhleb.
 23977 | Lair:3   | XOM: potion effect (experience)
 23977 | Lair:3   | Reached XP level 15. HP: 68/68 MP: 33/42
 24139 | Lair:3   | Found a hole to the Spider Nest.
 24379 | Lair:3   | XOM: noise
 24484 | Lair:4   | Noticed Kirke
 24488 | Lair:4   | Killed Kirke
 24488 | Lair:4   | Reached skill level 19 in Stealth
 24641 | Lair:4   | XOM: mild Air miscast
 24986 | Lair:4   | XOM: mild Tloc miscast
 24993 | Lair:4   | XOM: potion effect (might)
 24999 | Lair:4   | XOM: potion effect (agility)
 25855 | Lair:5   | XOM: potion effect (invisibility)
 25969 | Lair:5   | XOM: mild Tmut miscast
 26013 | Lair:5   | Found a staircase to the Slime Pits.
 26333 | Lair:5   | XOM: cast spell 'Disjunction'
 26596 | Lair:5   | XOM: cleaving
 26686 | Lair:5   | XOM: potion effect (might)
 26832 | Lair:5   | Reached XP level 16. HP: 65/72 MP: 34/44
 26843 | Lair:5   | XOM: scenery: create altars
 26876 | Lair:5   | XOM: 2-stop teleportation journey
 26941 | Lair:5   | XOM: severe Summ miscast
 27187 | Lair:5   | XOM: confuse monster(s)
 27231 | Lair:5   | XOM: polymorph death yak -> shapeshifter
 27507 | Lair:6   | Entered Level 6 of the Lair of Beasts
 27566 | Lair:6   | XOM: summons 16 friendly demons
 27587 | Lair:6   | XOM: fake destruction
 27629 | Lair:6   | XOM: swap monsters
 27801 | Lair:6   | XOM: scenery: create altars
 27879 | Lair:6   | XOM: summons friendly iron imp
 27890 | Lair:6   | XOM: fog
 28068 | Lair:6   | XOM: polymorph iron imp -> crimson imp
 28308 | Lair:6   | XOM: polymorph dire elephant -> emperor scorpion
 28312 | Lair:6   | XOM: scenery: 4 doors close
 28350 | Lair:6   | Reached skill level 20 in Stealth
 28471 | Lair:6   | XOM: confuse monster(s)
 28475 | Lair:6   | XOM: blink monster(s)
 28485 | Lair:6   | XOM: silly message
 28492 | Lair:6   | XOM: summons 3 friendly demons
 28587 | Lair:6   | XOM: 4-stop teleportation journey
 28616 | Lair:6   | XOM: god gift: silver wand {god gift}
 28699 | Lair:6   | XOM: blink monster(s)
 28820 | Lair:6   | XOM: summons friendly quasit
 28889 | Lair:6   | XOM: noise
 28900 | Lair:6   | XOM: scenery: create altars
 28901 | Lair:6   | XOM: give mutations
 28901 | Lair:6   | Lost mutation: You are very dopey. (Int -4) [Xom's
                  | mischief]
 28901 | Lair:6   | Lost mutation: You expend magic power (3 MP) to strengthen
                  | your wands. [Xom's mischief]
 28901 | Lair:6   | Lost mutation: You are resistant to electric shocks.
                  | (rElec) [Xom's mischief]
 29007 | Lair:1   | XOM: give mutations
 29007 | Lair:1   | Lost mutation: Your body sometimes deteriorates upon taking
                  | damage. [Xom's mischief]
 29007 | Lair:1   | Lost mutation: You are dopey. (Int -2) [Xom's mischief]
 29007 | Lair:1   | Lost mutation: You have a pair of small horns on your head.
                  | [Xom's mischief]
 29007 | Lair:1   | Gained mutation: You are agile. (Dex +2) [Xom's mischief]
 29214 | D:15     | XOM: confusion
 29436 | D:15     | XOM: enchant monster (bad)
 29535 | D:15     | Noticed a storm dragon
 29535 | D:15     | a catoblepas changed into a storm dragon
 29535 | D:15     | XOM: polymorph catoblepas -> storm dragon
 29593 | D:15     | XOM: 8-stop teleportation journey
 29613 | D:14     | XOM: confuse monster(s)
 29615 | D:14     | XOM: swap monsters
 29620 | D:14     | XOM: cast spell 'Summon Small Mammal'
 29630 | D:14     | Killed Rupert
 29731 | D:15     | XOM: potion effect (brilliance)
 29735 | D:15     | XOM: blink monster(s)
 29773 | D:15     | Found a glowing golden altar of the Shining One.
 29774 | D:15     | XOM: confusion (+ monsters)
 29804 | D:15     | Killed a storm dragon
 29922 | D:15     | XOM: 2-stop teleportation journey
 30447 | Depths:1 | Entered Level 1 of the Depths
 30477 | D:15     | XOM: confusion (+ monsters)
 30642 | D:15     | XOM: polymorph purple ugly thing -> red ugly thing
 30646 | D:15     | XOM: summons 3 friendly demons
 30680 | D:15     | XOM: enchant monster (bad)
 30886 | Depths:1 | XOM: enchant monster (good)
 30888 | D:15     | XOM: harmless Air miscast
 30905 | D:15     | XOM: confusion (+ monsters)
 31193 | D:15     | XOM: confusion
 31202 | D:15     | XOM: repel stairs
 31254 | Depths:1 | XOM: noise
 31613 | Shoals:1 | Entered Level 1 of the Shoals
 31626 | Shoals:1 | XOM: divination: detect items
 31629 | Shoals:1 | XOM: god gift: embroidered robe {god gift}
 31966 | Shoals:1 | Learned a level 6 spell: Darkness
 31973 | Shoals:1 | Learned a level 6 spell: Invisibility
 32035 | Shoals:1 | Found a large runed translucent door.
 32035 | Shoals:1 | Found a large runed translucent door.
 32036 | Shoals:1 | Noticed Bityczex's ghost (adept DEFE)
 32065 | Shoals:1 | XOM: fake destruction
 32080 | Shoals:1 | XOM: destruction
 32081 | Shoals:1 | XOM: summons friendly iron imp
 32305 | Shoals:1 | XOM: god gift: scroll labeled XOUXTUENWA {god gift}
 32346 | Shoals:1 | XOM: 5-stop teleportation journey
 32385 | Shoals:1 | Reached skill level 10 in Short Blades
 32506 | Shoals:1 | Reached XP level 17. HP: 77/77 MP: 47/47
 32634 | Shoals:2 | Found Cihach's Magic Scroll Shoppe.
 32640 | Shoals:2 | Bought 2 scrolls of blinking for 195 gold pieces
 32640 | Shoals:2 | Bought a scroll of teleportation for 39 gold pieces
 32662 | Shoals:2 | XOM: swap monsters
 32663 | Shoals:2 | XOM: confusion
 32689 | Shoals:2 | Found Coivuwem's Assorted Antiques.
 32716 | Shoals:2 | Noticed Roxanne
 32872 | Shoals:2 | Reached skill level 21 in Stealth
 32899 | Shoals:2 | Got an ancient robe
 32915 | Shoals:2 | XOM: mild Necr miscast
 32932 | Shoals:1 | Identified the +2 robe of the Foremost People {MP-9 Int+6}
                  | (You found it on level 2 of the Shoals)
 32941 | Shoals:1 | Learned a level 8 spell: Controlled Blink
 32950 | Shoals:1 | Learned a level 8 spell: Disjunction
 33222 | Depths:1 | XOM: god gift: 7 atropa-tipped darts
 33281 | Depths:1 | XOM: confuse monster(s)
 33292 | Depths:1 | XOM: cast spell 'Leda's Liquefaction'
 33296 | Depths:1 | XOM: cast spell 'Ring of Flames'
 33375 | Depths:1 | XOM: cloud trail
 33755 | Depths:1 | XOM: mild Fire miscast
 33763 | Depths:1 | XOM: silly message
 33804 | Depths:1 | XOM: cast spell 'Chain of Chaos'
 33833 | Depths:1 | XOM: harmless Pois miscast
 34100 | Depths:1 | XOM: swap monsters
 34111 | Depths:1 | XOM: summons 1 hostile shadow creature
 34128 | Depths:1 | XOM: enchant monster (bad)
 34149 | Depths:2 | XOM: cleaving
 34177 | Depths:2 | Found a gateway to Hell.
 34191 | Depths:2 | Found a one-way gate leading to the halls of Pandemonium.
 34227 | Depths:2 | XOM: medium Tmut miscast
 34231 | Depths:2 | Found a one-way gate to the infinite horrors of the Abyss.
 34251 | Depths:2 | Voluntarily entered the Abyss.
 34438 | Abyss:1  | XOM: polymorph rakshasa -> hell hog
 34476 | Abyss:1  | Found a viscous altar of Jiyva.
 34530 | Abyss:1  | XOM: confusion (+ monsters)
 34532 | Abyss:1  | XOM: enchant monster (bad)
 34533 | Abyss:1  | XOM: fog
 34628 | Abyss:1  | XOM: confuse monster(s)
 34653 | Abyss:1  | XOM: silly message
 34718 | Abyss:1  | XOM: summons 6 friendly demons
 34745 | Abyss:1  | XOM: summons friendly white imp
 34746 | Abyss:1  | XOM: silly message
 34748 | Abyss:1  | XOM: polymorph Executioner -> Executioner
 34850 | Abyss:1  | Reached skill level 15 in Spellcasting
 35090 | Abyss:1  | XOM: give mutations
 35090 | Abyss:1  | Gained mutation: Armour fits poorly on your strangely
                  | shaped body. [Xom's mischief]
 35090 | Abyss:1  | Gained mutation: You are frail. (-10% HP) [Xom's mischief]
 35133 | Abyss:1  | XOM: enchant monster (bad)
 35135 | Abyss:1  | XOM: severe Ice miscast
 35331 | Abyss:1  | Found a corrupted altar of Lugonu.
 35339 | Abyss:1  | Fell from the grace of Xom
 35339 | Abyss:1  | Became a worshipper of Lugonu the Unformed
 35339 | Abyss:1  | Reached * piety under Lugonu
 35527 | Abyss:1  | Noticed a hellephant
 35532 | Depths:2 | Escaped the Abyss
 35659 | Depths:2 | Noticed a titan
 36013 | Shoals:2 | Found Ozoplouj's Antique Armour Shoppe.
 36143 | Shoals:1 | Reached skill level 15 in Translocations
 36437 | Shoals:2 | Found Ihoiliph's Assorted Antiques.
 36445 | Shoals:2 | Bought a scroll of teleportation for 90 gold pieces
 36445 | Shoals:2 | Bought a ripped robe for 171 gold pieces
 36467 | Shoals:2 | Identified the cursed +1 robe of Qefur {rCorr Int-3 Dex+5}
                  | (You bought it in a shop on level 2 of the Shoals)
 36678 | Shoals:3 | Noticed Nikola
 36679 | Shoals:3 | Noticed Ilsuiw
 36701 | Shoals:3 | Found Owae's Book Shop.
 36760 | Shoals:3 | Gained mutation: You tend to lose your temper in combat.
                  | [mutagenic glow]
 37074 | Shoals:3 | Noticed Louise
 37099 | Shoals:3 | Killed Louise
 37251 | Shoals:3 | XOM: 7-stop teleportation journey
 37622 | Elf:1    | Entered Level 1 of the Elven Halls
 37651 | Elf:1    | XOM: 1-stop teleportation journey
 37767 | Elf:1    | XOM: give mutations
 37767 | Elf:1    | Gained mutation: Your system is resistant to poisons.
                  | (rPois) [Xom's mischief]
 37767 | Elf:1    | Lost mutation: Your muscles are strong. (Str +2) [Xom's
                  | mischief]
 37767 | Elf:1    | Gained mutation: You are very frail. (-20% HP) [Xom's
                  | mischief]
 38048 | Elf:1    | XOM: summons 2 hostile demons
 38512 | Spider:1 | Entered Level 1 of the Spider Nest
 38661 | Spider:1 | Reached ** piety under Lugonu
 38753 | Spider:1 | Reached skill level 1 in Invocations
 39566 | Spider:1 | Reached *** piety under Lugonu
 39614 | Spider:1 | XOM: divination: detect items
 39908 | Spider:1 | XOM: medium Tloc miscast
 40350 | Spider:2 | Reached skill level 15 in Hexes
 40569 | Spider:2 | XOM: silly message
 40622 | Spider:2 | Reached **** piety under Lugonu
 41860 | Spider:2 | Reached XP level 18. HP: 65/65 MP: 45/50
 41888 | Spider:2 | XOM: medium Tmut miscast
 42376 | Spider:3 | Reached skill level 22 in Stealth
 42383 | Spider:3 | Noticed Arachne
 42448 | Spider:2 | XOM: noise
 42968 | Spider:3 | Reached ***** piety under Lugonu
 43017 | Spider:3 | Corrupted Spider:3
 43023 | Spider:3 | Killed Arachne
 43028 | Spider:3 | Noticed a bone dragon
 43035 | Spider:3 | Noticed a lich
 43162 | Spider:3 | Identified a scroll of acquirement
 43373 | Spider:4 | Entered Level 4 of the Spider Nest
 44360 | Spider:4 | XOM: god gift: quarterstaff {god gift}
 44557 | Spider:4 | Found a large runed translucent door.
 44557 | Spider:4 | Found a large runed translucent door.
 44558 | Spider:4 | Noticed Zosacw's ghost (adept HaHu)
 44683 | Spider:4 | Got a gossamer rune of Zot
 44688 | Spider:4 | Corrupted Spider:4
 44835 | Spider:3 | XOM: medium Fire miscast
 46061 | Shoals:3 | Noticed Aizul
 46145 | Shoals:4 | Entered Level 4 of the Shoals
 47564 | Shoals:2 | Drowned by a water elemental

Levels and vault maps discovered:
D:1:      dpeg_arrival_snail, layout_basic
D:2:      layout_basic, xom_redecorated, first_ration, minmay_indecisive_spiral
D:3:      layout_loops_cross, chequers_serial_rivers_room_a,
          kennysheep_crisscross
D:4:      layout_cave_pools, serial_shops, shop
D:5:      layout_gridville
D:6:      layout_loops_ring, minmay_temple_entry_stoned_glass, minivault_22,
          minmay_misc_feat_square
D:7:      layout_rooms, uniq_duvessa
D:8:      layout_rooms, serial_shops, shop, minmay_manual_mail, uniq_joseph
D:9:      layout_rooms, erik_lair_orcish_takeover, serial_shops, shop_statue,
          hangedman_fish_farm, uniq_psyche
D:10:     minmay_separated_statues, layout_layer_cave, glass_columns_a
D:11:     layout_roguey, uniq_sonja
D:12:     layout_roguey, hangedman_glass_teeth
D:13:     layout_roguey, skrybe_vaults_entry_preservation
D:14:     layout_basic, uniq_agnes, uniq_rupert
D:15:     hangedman_depths_entry_try_elsewhere_first, layout_basic,
          nicolae_twisting_strands, hangedman_decor_riveting,
          corexii_checkpoint_a, lemuel_altar_in_water
Temple:   nicolae_temple_the_god_donut
Lair:1:   layout_layer_cave, minivault_11, grunt_megastairs_3, uniq_erica
Lair:2:   dragon1_lemuel, layout_concentric_octagons,
          minmay_shoals_entry_beasts, minmay_lair_oklob_chamber
Lair:3:   layout_concentric_octagons, nicolae_spider_entry_orb_guardian,
          basic_altar
Lair:4:   layout_cave_pods, uniq_kirke
Lair:5:   regret_index_wax_grids, layout_layer_cave,
          minmay_slime_entry_jelly_boxes
Lair:6:   due_jungle_book, layout_long_grid, serial_bayou_shore_a,
          serial_bayou_shore_b
Shoals:1: layout_shoals, ebering_ghost_disaster_area
Shoals:2: layout_shoals, serial_shops, shop, shop_fountains,
          nicolae_shop_statue_plus, shop, uniq_roxanne
Shoals:3: layout_shoals, serial_shops, shop_coins, uniq_aizul, uniq_louise,
          uniq_nikola, uniq_ilsuiw
Shoals:4: shoals_end_hangedman, layout_shoals, nicolae_shoals_kraken_party
Spider:1: layout_spider_delve
Spider:2: layout_chambers
Spider:3: layout_spider_delve, uniq_arachne
Spider:4: grunt_spider_rune_circles, ebering_ghost_disaster_area, drop_trap
Orc:1:    orc_temple, layout_caves, chequers_guarded_unrand_ignorance
Orc:2:    pubby_orc_utopia
Elf:1:    layout_loops_corners, minivault_28
Depths:1: layout_long_grid, grunt_decor_clamped, lightli_too_deep, st_stairs_1,
          grunt_ministairs_13, horrible_house_mu, infiniplex_staircase_pool_lava
Depths:2: minmay_the_grid_octo_tiled_squarecenter_mashed
          [minmay_the_grid_octo_teeth, minmay_the_grid_octo_clover,
          minmay_the_grid_octo_concentric, minmay_the_grid_octo_fat_diamond,
          minmay_the_grid_square_5x5_megaprize_crossed,
          minmay_the_grid_square_5x5_n, minmay_the_grid_square_5x5_bracketed,
          minmay_the_grid_square_5x5_meh, minmay_the_grid_square_5x5_percent],
          layout_cave_pools, hell_entry, pan_entry, small_statue_intersection,
          abyss_entry_small_statue_room

Skill      XL: |  1  2  3  4  5  6  7  8  9 10 11 12 13 14 15 16 17 18 |
---------------+-------------------------------------------------------+-----
Spellcasting   | 3 4 5 6 8 9 10 11 12 13 14 15 16 | 16.2
Hexes          | 4 5 6 7 8 10 11 12 13 15 | 15.6
Dodging        | 4 8 11 13 15 17 18 19 | 19.7
Stealth        | 5 6 7 8 10 12 13 15 16 17 18 19 20 21 22 | 22.5
Ice Magic      | 1 2 3 4 5 6 7 |  7.8
Short Blades   | 2 3 4 5 6 7 8 9 10 | 10.4
Fighting       | 1 2 3 4 |  4.3
Translocations | 4 7 10 11 12 14 15 16 | 16.6
Evocations     | 1 |  1.1
Armour         | 1 2 |  2.2
Invocations    | 3 4 |  4.6
Throwing       | |  0.3
Unarmed Combat | |  0.2

Action                   |  1- 3 |  4- 6 |  7- 9 | 10-12 | 13-15 | 16-18 || total
-------------------------+-------+-------+-------+-------+-------+-------++-------
Melee: Dagger            |    72 |   121 |    38 |       |       |       ||   231
       Rapier            |       |       |    81 |       |       |       ||    81
       Short sword       |       |       |    47 |   383 |   549 |  1024 ||  2003
       Headbutt          |       |       |       |     3 |    87 |    72 ||   162
       Unarmed           |       |       |       |       |     4 |       ||     4
       Punch             |       |       |       |       |       |     5 ||     5
Throw: Dart              |       |       |       |       |       |     3 ||     3
 Cast: Corona            |     5 |     7 |       |       |    19 |     1 ||    32
       Ensorcelled Hiber |    25 |    62 |    70 |   160 |   286 |   386 ||   989
       Confuse           |       |     4 |    13 |    78 |    68 |   261 ||   424
       Tukima's Dance    |       |       |     3 |     8 |    23 |    17 ||    51
       Blink             |       |       |       |       |     2 |       ||     2
       Dispersal         |       |       |       |       |     5 |    15 ||    20
       Darkness          |       |       |       |       |       |    27 ||    27
       Invisibility      |       |       |       |       |       |     9 ||     9
       Controlled Blink  |       |       |       |       |       |     6 ||     6
       Disjunction       |       |       |       |       |       |     3 ||     3
Invok: Depart the Abyss  |       |       |       |       |       |     1 ||     1
       Corrupt           |       |       |       |       |       |     2 ||     2
       Banish            |       |       |       |       |       |     1 ||     1
Evoke: Wand              |       |       |       |       |    14 |     3 ||    17
       Phantom mirror    |       |       |       |       |     1 |       ||     1
  Use: Potion            |       |     1 |       |       |     2 |     8 ||    11
       Scroll            |       |    10 |     3 |     6 |     4 |    28 ||    51
 Stab: Sleeping          |    26 |    44 |    52 |   114 |   229 |   296 ||   761
       Distracted        |       |     1 |       |     2 |     4 |    11 ||    18
       Confused          |       |     3 |     8 |    44 |    38 |   136 ||   229
       Paralysed         |       |       |       |     1 |     7 |       ||     8
       Petrified         |       |       |       |       |     1 |       ||     1
       Invisible         |       |       |       |       |     2 |     9 ||    11
  Eat: Ration            |       |     3 |     1 |     3 |     7 |    20 ||    34
Armor: Robe              |    12 |    11 |    18 |     8 |       |    21 ||    70
       Troll leather arm |       |       |       |       |    20 |    21 ||    41
       Skin              |       |       |       |       |     1 |     2 ||     3
Dodge: Dodged            |    54 |   100 |   116 |   288 |   449 |  1183 ||  2190
Block: Other             |       |     2 |    22 |    47 |    74 |    67 ||   212
       Reflection        |       |       |       |     1 |     2 |     8 ||    11
